 Dungeon Crawl Stone Soup version 0.24.0-13-gcf9b319 (webtiles) character file.

Game seed: 9018735021578391591, levelgen mode: deterministic

2844 Fortress the Destroyer (level 9, -8/75 HPs)
             Began as a Purple Draconian Conjurer on Jan 22, 2020.
             Was a Follower of Vehumet.
             Mangled by Harold
             ... wielding a +0 dire flail
              (22 damage)
             ... on level 7 of the Dungeon.
             The game lasted 00:34:40 (8893 turns).

Fortress the Destroyer (Purple Draconian Conjurer)  Turns: 8893, Time: 00:34:40

Health: -8/75      AC:  7    Str: 10    XL:     9   Next: 46%
Magic:  2/23       EV: 15    Int: 18    God:    Vehumet [*.....]
Gold:   423        SH:  0    Dex: 13    Spells: 12/28 levels left

rFire    . . .     SeeInvis .   z - +2 mace (crush)
rCold    . . .     Gourm    .   (no shield)
rNeg     . . .     Faith    .   (armour unavailable)
rPois    .         Spirit   .   (helmet restricted)
rElec    .         Reflect  .   (no cloak)
rCorr    .         Harm     .   (no gloves)
MR       +....                  (no boots)
Stlth    ++........             (no amulet)
HPRegen  0.22/turn              d - +1 ring of evasion
MPRegen  0.18/turn              h - ring of wizardry

@: marked, very slightly contaminated
A: breathe power, unfitting armour, cold-blooded, AC +7
a: Breathe Dispelling Energy, Renounce Religion


You were on level 7 of the Dungeon.
You worshipped Vehumet.
Vehumet was aware of your devotion.
You were not hungry.

You visited 2 branches of the dungeon, and saw 8 of its levels.
You also visited: Sewer.

You collected 423 gold pieces.

Inventory:

Hand Weapons
 z - a +2 mace of crushing (weapon)
Missiles
 j - 2 atropa-tipped darts (quivered)
 n - 22 poisoned darts
Jewellery
 d - a +1 ring of evasion (left hand)
 h - a ring of wizardry (right hand)
Wands
 f - a wand of clouds (5)
Scrolls
 a - a scroll of torment {unknown}
 g - 3 scrolls of identify
 m - 4 scrolls of teleportation
 p - 5 scrolls of fog
 s - a scroll of fear
 u - a scroll of magic mapping
 v - 2 scrolls of immolation {unknown}
 w - a scroll of random uselessness {unknown}
 x - a scroll of amnesia
 y - a scroll of enchant weapon {unknown}
Potions
 c - a potion of heal wounds
 e - a potion of lignification
 i - 2 potions of haste
 k - 3 potions of might
 l - a potion of invisibility {unknown}
 o - 7 potions of curing
 q - 3 potions of ambrosia
 r - a potion of agility {unknown}
 t - a potion of mutation {unknown}
Comestibles
 b - 14 rations


   Skills:
 + Level 5.9 Fighting
 - Level 5.1 Dodging
 - Level 2.0 Stealth
 - Level 10.3 Spellcasting
 + Level 11.2 Conjurations
 + Level 5.5 Evocations


You had 12 spell levels left.
You knew the following spells:

 Your Spells              Type           Power        Failure   Level  Hunger
a - Magic Dart            Conj           ####         1%          1    None
b - Searing Ray           Conj           #####.       1%          2    None
c - Iskenderun's Mystic   Conj           #####...     1%          4    ###....
d - Force Lance           Conj/Tloc      ####....     3%          4    ###....
e - Fireball              Conj/Fire      ####......   9%          5    #####..

Your spell library contained the following spells:

 Spells                   Type           Power        Failure   Level  Hunger
 Sting                    Conj/Pois      ####         1%          1    None
 Flame Tongue             Conj/Fire      ####.        1%          1    None
 Throw Flame              Conj/Fire      ####..       1%          2    None
 Dazzling Spray           Conj/Hex       ####..       1%          3    None
 Fulminant Prism          Conj/Hex       ####......   3%          4    ###....
 Orb of Destruction       Conj           #####.....   26%         7    #######
 Bolt of Cold             Conj/Ice       ####......   41%         6    ######.


Dungeon Overview and Level Annotations

Branches:
Dungeon (7/15)             Temple (1/1) D:6           Sewer (visited)

Altars:
Ashenzari
Cheibriados
Dithmenos
Elyvilon
Fedhas
Gozag
Hepliaklqana
Kikubaaqudgha
Makhleb
Nemelex Xobeh
Okawaru
Qazlal
Ru
Sif Muna
Trog
Uskayaw
Vehumet
Wu Jian
Xom
Yredelemnul
Zin
The Shining One

Annotations:
D:7 Harold


Innate Abilities, Weirdness & Mutations

You can breathe bolts of dispelling energy.
Your rich purple scales are hard. (AC +7)
You cannot fit into any form of body armour.
You are cold-blooded and may be slowed by cold attacks.


Message History

Harold is heavily wounded.
The searing ray hits Harold.
Harold is severely wounded.
Harold says, "I was hoping my final job would be more of a challenge, but money is money."
Harold barely misses you.
The searing ray hits Harold!
Harold is severely wounded.
You finish channeling your searing ray.
Harold gestures at you while chanting. The mark upon you grows brighter.
Casting: Searing Ray (safe; 1% risk of failure)
Confirm with . or Enter, or press ? or * to list all spells.
Aiming: Searing Ray (safe; 1% risk of failure)
Press: ? - help, Shift-Dir - straight line, f/p - Harold
Aim: Harold, wielding a +0 dire flail and wearing a +3 chain mail (severely wounded)
The searing ray hits Harold but does no damage.
Harold is severely wounded. (Press . to maintain the ray.) Harold hits you with a +0 dire flail!!
You die...

######### #######
#.......###.....#
##.......##......#
#........##......####
###....###............#
......@@.......(......#
...h............=.....##
......................'.
......................##
......##................
......##................ .
###.. ######..................
. .'...# ..[.....##...........)
.
.#...####........#........###..


You could see Harold and a black bear.

Vanquished Creatures
  Menkaure (D:6)
  3 black bears (D:6)
  3 ogres
  3 centaurs
  A big kobold (D:4)
  Blork the orc (D:6)
  5 bullfrogs
  A scorpion (D:6)
  5 killer bees
  A howler monkey (D:7)
  4 crimson imps
  4 orc priests
  An orc wizard (D:6)
  A centaur zombie (D:6)
  A hound (D:5)
  Jessica (D:2)
  Terence (D:2)
  2 iguanas
  3 worker ants
  A howler monkey zombie (D:5)
  A worker ant zombie (D:6)
  21 adders
  7 gnolls
  3 river rats
  2 shadow imps
  An adder skeleton (D:5)
  A worm (D:2)
  A dart slug (D:1)
  A leopard gecko (D:2)
  13 orcs
  13 ball pythons
  7 giant cockroaches
  5 goblins
  7 hobgoblins
  14 jackals
  5 kobolds
  8 quokkas
  A ball python skeleton (D:2)
  9 bats
  8 frilled lizards
  A jackal skeleton (D:5)
  32 rats
204 creatures vanquished.

Notes
Turn   | Place    | Note
-------+----------+-------------------------------------------
     0 | D:1      | Fortress the Draconian Conjurer began the quest for the
                  | Orb.
     0 | D:1      | Reached XP level 1. HP: 14/14 MP: 3/3
   500 | D:1      | Reached XP level 2. HP: 20/20 MP: 1/5
  1455 | D:2      | Reached XP level 3. HP: 24/26 MP: 0/6
  1635 | D:2      | Reached skill level 5 in Conjurations
  1648 | D:2      | Found a hide-covered altar of Uskayaw.
  1719 | D:2      | Noticed Jessica
  1760 | D:2      | Killed Jessica
  1760 | D:2      | Reached XP level 4. HP: 25/33 MP: 0/7
  1826 | D:2      | Reached skill level 5 in Fighting
  1826 | D:2      | Reached skill level 9 in Conjurations
  1826 | D:2      | Reached XP level 5. HP: 47/48 MP: 7/14
  1827 | D:2      | Reached skill level 5 in Dodging
  1827 | D:2      | Reached skill level 5 in Evocations
  1827 | D:2      | Reached XP level 6. HP: 56/56 MP: 7/17
  1927 | D:2      | Found a sacrificial altar of Ru.
  1969 | D:2      | Noticed Terence
  1976 | D:2      | Killed Terence
  2055 | D:2      | Learned a level 2 spell: Searing Ray
  2525 | D:2      | Found a faded altar of an unknown god.
  3047 | D:3      | Found a stormy altar of Qazlal.
  3494 | D:4      | Your scales start taking on a rich purple colour.
  3494 | D:4      | Reached skill level 10 in Spellcasting
  3494 | D:4      | Reached XP level 7. HP: 46/61 MP: 8/20
  3833 | D:4      | Found an opulent altar of Gozag.
  4084 | D:5      | Entered Level 5 of the Dungeon
  5157 | D:6      | Noticed Blork the orc
  5162 | D:6      | Killed Blork the orc
  5162 | D:6      | Reached XP level 8. HP: 64/69 MP: 17/22
  5251 | D:6      | Found a glowing drain.
  5261 | Sewer    | Entered a sewer
  5558 | Sewer    | Reached skill level 10 in Conjurations
  6047 | D:6      | Found a staircase to the Ecumenical Temple.
  6436 | Temple   | Entered the Ecumenical Temple
  6478 | Temple   | Became a worshipper of Vehumet
  6803 | D:6      | Found a bloodstained altar of Trog.
  6808 | D:6      | Reached XP level 9. HP: 68/74 MP: 17/23
  6923 | D:6      | Noticed Menkaure
  6927 | D:6      | Killed Menkaure
  7147 | D:6      | Identified a scroll of acquirement
  7147 | D:6      | Identified the Handbook of Confrontation (You acquired it
                  | on level 6 of the Dungeon)
  7236 | D:6      | Learned a level 4 spell: Iskenderun's Mystic Blast
  7241 | D:6      | Learned a level 4 spell: Force Lance
  7247 | D:6      | Learned a level 5 spell: Fireball
  7791 | D:7      | Reached skill level 11 in Conjurations
  7837 | D:7      | Reached * piety under Vehumet
  7837 | D:7      | Offered knowledge of Sting by Vehumet.
  8458 | D:7      | Noticed Harold
  8851 | D:7      | Found a basalt altar of Yredelemnul.
  8893 | D:7      | Mangled by Harold

Levels and vault maps discovered:
D:1:      matt_arrival_spirals, layout_basic, chequers_big_river
D:2:      layout_basic, eat_drink_and_be_merry_uskayaw, nicolae_ru_awakened_eye,
          chequers_ecumenical_altar_twisty, minmay_indecisive_spiral,
          uniq_terence, uniq_jessica
D:3:      layout_loops_ring, grunt_qazlal_clouds
D:4:      layout_cave_pools, grunt_gozag_breadcrumbs
D:5:      layout_basic, first_ration, hangedman_decor_opposing
D:6:      layout_loops_ring, trog_ov_bears_minmay,
          minmay_temple_entry_sparse_star, gup_sewer_entry_bubbles,
          uniq_menkaure, uniq_blork_the_orc
D:7:      layout_basic, kennysheep_mini_moat, uniq_harold
Temple:   regret_index_temple_sphere_string

Skill      XL: |  1  2  3  4  5  6  7  8  9 |
---------------+----------------------------+-----
Stealth        | 2 |  2.0
Conjurations   | 5 9 10 11 | 11.2
Fighting       | 5 |  5.9
Spellcasting   | 7 8 10 | 10.3
Dodging        | 5 |  5.1
Evocations     | 5 |  5.5

Action                   |  1- 3 |  4- 6 |  7- 9 || total
-------------------------+-------+-------+-------++-------
Melee: Unarmed           |    18 |       |       ||    18
       Tailslap          |     4 |       |     5 ||     9
       Spear             |    19 |       |    67 ||    86
 Cast: Magic Dart        |    64 |   111 |   248 ||   423
       Searing Ray       |       |       |    42 ||    42
       Iskenderun's Myst |       |       |     3 ||     3
       Force Lance       |       |       |     3 ||     3
       Fireball          |       |       |     2 ||     2
  Use: Scroll            |     1 |     8 |     9 ||    18
       Potion            |       |     2 |     1 ||     3
 Stab: Sleeping          |       |       |     2 ||     2
  Eat: Chunk             |     3 |     6 |    12 ||    21
       Ration            |       |       |     2 ||     2
Armor: Skin              |    15 |     9 |    45 ||    69
Dodge: Dodged            |    30 |    17 |   236 ||   283
